 Dungeon Crawl Stone Soup version 0.23.0-3-gf3c87f2 (webtiles) character file.

Game seed: 718174267498944877

77 drjones the Ducker (level 4, 0/34 HPs)
             Began as a Merfolk Gladiator on Feb 24, 2019.
             Slain by a sky beast (5 damage)
             ... on level 2 of the Dungeon.
             The game lasted 00:04:32 (1545 turns).

drjones the Ducker (Merfolk Gladiator)              Turns: 1545, Time: 00:04:32

Health: 0/34       AC:  6    Str: 14    XL:     4   Next: 34%
Magic:  4/4        EV: 14    Int:  7    God:
Gold:   114        SH:  0    Dex: 16    Spells: 3/3 levels left

rFire    + . .     SeeInvis .   a - +0 long sword
rCold    . . .     Gourm    .   (no shield)
rNeg     . . .     Faith    .   i - +0 leather armour
rPois    .         Spirit   .   c - +0 helmet
rElec    .         Reflect  .   (no cloak)
rCorr    .         Harm     .   (no gloves)
MR       .....                  (no boots)
Stlth    +.........             (no amulet)
HPRegen  0.11/turn              (no ring)
MPRegen  0.09/turn              (no ring)

@: no status effects
A: change form in water, swift swim, stealthy swim, slimy green scales 1,
deterioration 1, fire resistance 1
a: no special abilities


You were on level 2 of the Dungeon.
You were not hungry.

You visited 1 branch of the dungeon, and saw 2 of its levels.

You collected 114 gold pieces.

Inventory:

Hand Weapons
 a - a +0 long sword (weapon)
 b - a +0 dagger of venom
Missiles
 r - 12 stones (quivered)
Armour
 c - a +0 helmet (worn)
 i - a +0 leather armour (worn)
Scrolls
 g - 4 scrolls of remove curse
 h - a scroll of enchant weapon
 j - a scroll of teleportation
 k - a scroll of fog {unknown}
 l - a scroll of blinking {unknown}
 n - a scroll of fear {unknown}
 p - a scroll of noise {unknown}
 s - a scroll of immolation {unknown}
 t - a scroll of amnesia {unknown}
Potions
 m - a potion of might
 q - 3 potions of berserk rage
Comestibles
 d - 8 chunks of flesh
 f - 5 rations


   Skills:
 + Level 2.9 Fighting
 * Level 4.3 Long Blades
 + Level 2.6 Throwing
 + Level 4.6 Dodging


You had 3 spell levels left.
You didn't know any spells.
Your spell library was empty.

Dungeon Overview and Level Annotations

Branches:
Dungeon (2/15)

Altars:
Zin
The Shining One


Innate Abilities, Weirdness & Mutations

You revert to your normal form in water You are very nimble and swift while swimming.
You are very stealthy in the water. (Stealth+)
You are partially covered in slimy green scales. (AC +2)
Your body sometimes deteriorates upon taking damage.
Your flesh is heat resistant. (rF+)


Message History

You hit the sky beast.
The sky beast looks as sick as possible!
The sky beast is moderately wounded.
The sky beast closely misses you.
Your +0 dagger of venom stops dripping with poison.
a - a +0 long sword (weapon)
The sky beast hits you. The sky beast shocks you.
* * * LOW HITPOINT WARNING * * *
You hit the sky beast.
The sky beast is almost dead.
The sky beast hits you.
* * * LOW HITPOINT WARNING * * *
The sky beast shocks you.
* * * LOW HITPOINT WARNING * * *
You closely miss the sky beast.
The sky beast is almost dead.
The sky beast hits you.
* * * LOW HITPOINT WARNING * * *
The sky beast shocks you.
You die...

########## #.........
##.....)# #.......#
######..######
#....#....[..#############
#.............@Y.....(....
##....#.#####.#############
#.........).))..).......
.....
##..####.#####.##########
###....
......................
......
.#...#.#.......#######
###....
....................
.......
.#...#.#.......##### #....
.....#.#..##...# #....


You could see a sky beast.

Vanquished Creatures
  Robin (D:2)
  An adder (D:2)
  2 worms (D:2)
  2 giant cockroaches (D:1)
  11 goblins
  6 hobgoblins
  4 jackals (D:1)
  3 bats
  9 kobolds
  8 rats
47 creatures vanquished.

Notes
Turn   | Place    | Note
-------+----------+-------------------------------------------
     0 | D:1      | drjones the Merfolk Gladiator began the quest for the Orb.
     0 | D:1      | Reached XP level 1. HP: 16/16 MP: 1/1
   122 | D:1      | Reached XP level 2. HP: 16/23 MP: 2/2
   546 | D:1      | Reached XP level 3. HP: 28/28 MP: 3/3
   798 | D:1      | Gained mutation: Your body sometimes deteriorates upon
                  | taking damage. [potion of mutation]
   798 | D:1      | Gained mutation: Your flesh is heat resistant. (rF+)
                  | [potion of mutation]
   798 | D:1      | Gained mutation: You are partially covered in slimy green
                  | scales. (AC +2) [potion of mutation]
   895 | D:2      | Found a glowing golden altar of the Shining One.
  1265 | D:2      | Reached XP level 4. HP: 18/34 MP: 4/4
  1288 | D:2      | Found a glowing silver altar of Zin.
  1424 | D:2      | Noticed Robin
  1447 | D:2      | Killed Robin
  1528 | D:2      | Noticed a sky beast
  1545 | D:2      | Slain by a sky beast

Skill      XL: |  1  2  3 |
---------------+----------+-----
Long Blades    | 4 |  4.3
Fighting       | |  2.9
Throwing       | |  2.6
Dodging        | |  4.6

Action                   |  1- 3 |  4- 6 || total
-------------------------+-------+-------++-------
Melee: Long sword        |   115 |    20 ||   135
       Dagger            |       |     4 ||     4
Throw: Throwing net      |     7 |       ||     7
       Stone             |       |     6 ||     6
  Use: Scroll            |     8 |       ||     8
       Potion            |     1 |     2 ||     3
 Stab: Sleeping          |     1 |       ||     1
  Eat: Chunk             |     1 |     1 ||     2
Armor: Leather armour    |    28 |     5 ||    33
Dodge: Dodged            |    92 |    20 ||   112
       Rpst.: Long sword |    25 |     3 ||    28
